 Dungeon Crawl Stone Soup version 0.32-a0-876-gcfddb08e57 (webtiles) character file.

Game seed: 11667042905275174565

321 gaiawithin the Chopper (level 6, -2/55 HPs)
             Began as a Minotaur Berserker on Apr 1, 2024.
             Was a Priest of Trog.
             Slain by Prince Ribbit (11 damage)
             ... on level 5 of the Dungeon.
             The game lasted 00:08:10 (3722 turns).

gaiawithin the Chopper (Minotaur Berserker)         Turns: 3722, Time: 00:08:11

Health: -2/55      AC: 10    Str: 23    XL:     6   Next: 22%
Magic:  5/5        EV:  8    Int:  7    God:    Trog [***...]
Gold:   169        SH:  0    Dex: 10    Spells: 5/5 levels left

rFire   . . .        n - +2 dagger (elec)
rCold   . . .        (no shield)
rNeg    . . .        d - +0 chain mail
rPois   +            (helmet restricted)
rElec   .            y - +0 cloak
rCorr   .            (no gloves)
SInv    .            (no boots)
Will    ++...        (no amulet) Stlth
                     i - ring of flight
HPRegen 0.29/turn    j - ring of Xom's Best Wishes {rPois rF- Will+ Int+3 Stlth+}
MPRegen 0.09/turn

%: no passive effects
@: flying
A: horns 2, retaliatory headbutt, fire resistance 1, strong-willed 1
a: Renounce Religion, Berserk, Trog's Hand


You were on level 5 of the Dungeon.
You worshipped Trog.
Trog was most pleased with you.
You visited 1 branch of the dungeon, and saw 5 of its levels.

You collected 169 gold pieces.

Inventory:

Hand Weapons
 n - a +2 dagger of electrocution (weapon)
Missiles
 f - 3 poisoned darts
 o - 27 stones (quivered)
Armour
 d - a +0 chain mail (worn)
 y - a +0 cloak (worn)
Jewellery
 i - a ring of flight (left hand)
 j - the ring of Xom's Best Wishes (right hand) {rPois rF- Will+ Int+3 Stlth+}
   (You found it on level 2 of the Dungeon)

   [ring of willpower]

   Int+3:     It affects your intelligence (+3).
   rF-:       It makes you vulnerable to fire.
   rPois:     It protects you from poison.
   Will+:     It increases your willpower.
   Stlth+:    It makes you more stealthy.
Wands
 t - a wand of mindburst (16)
Scrolls
 e - a scroll of identify
 l - a scroll of teleportation
Potions
 k - 3 potions of degeneration
 v - 2 potions of mutation


   Skills:
 + Level 4.9 Fighting
 + Level 6.3 Axes
 + Level 4.5 Armour
 + Level 2.8 Dodging
 + Level 0.3 Stealth


You had 5 spell levels left.
You didn't know any spells.
Your spell library was empty.

Dungeon Overview and Level Annotations

Branches:
Dungeon (5/15)
 Temple: D:4-7

Altars:
Ru

Annotations:
D:5 Prince Ribbit


Innate Abilities, Weirdness & Mutations

You have a pair of horns on your head.
You reflexively headbutt those who attack you in melee.
Your flesh is heat resistant. (rF+)
You are strong-willed. (Will+)


Message History

You hit Prince Ribbit. Your headbutt misses Prince Ribbit.
Prince Ribbit is moderately wounded.
Prince Ribbit hits you!
You miss Prince Ribbit.
Prince Ribbit is moderately wounded.
Prince Ribbit hops awkwardly around.
Prince Ribbit hits you!
* * * LOW HITPOINT WARNING * * *
Hit: n) +2 dagger (elec)
Press: ? - help, Dir - move target, f/p - Prince Ribbit
Aim: Prince Ribbit (moderately wounded, about 54% to evade your +2 dagger of electrocution)
Okay, then.
You feel much better. Prince Ribbit closely misses you.
You furiously retaliate!
You headbutt Prince Ribbit, but do no damage.
Prince Ribbit closely misses you. You furiously retaliate!
You headbutt Prince Ribbit. You closely miss Prince Ribbit.
You headbutt Prince Ribbit.
Prince Ribbit is heavily wounded.
Prince Ribbit hits you but does no damage.
You miss Prince Ribbit. Your headbutt misses Prince Ribbit.
Prince Ribbit is heavily wounded.
Prince Ribbit hits you.
Prince Ribbit lets out a mournful croak.
Prince Ribbit closely misses you.
You hit Prince Ribbit.
Prince Ribbit is severely wounded.
Prince Ribbit hits you!
You barely miss Prince Ribbit.
Prince Ribbit is severely wounded.
Prince Ribbit blinks!
Prince Ribbit blinks!
You barely miss Prince Ribbit.
Prince Ribbit is severely wounded.
Prince Ribbit hits you!
* * * LOW HITPOINT WARNING * * *
You hit Prince Ribbit.
Prince Ribbit is severely wounded.
Prince Ribbit barely misses you. Prince Ribbit hits you!
You die...

#########
#.......
#.(?..##
#......#
#......#
#.<.@F.#
####ยง.......
###...<..
.###.# #. #
.. ##. .#


You could see Prince Ribbit.

Vanquished Creatures
  A phantom (D:4)
  A hound (D:4)
  An orc wizard (D:4)
  2 iguanas (D:4)
  6 adders
  3 dart slugs
  2 ribbon worms (D:3)
  4 orcs
  6 endoplasms
  4 giant cockroaches
  2 goblins (D:3)
  6 hobgoblins
  3 jackals (D:1)
  3 quokkas
  7 ball pythons
  7 bats
  8 frilled lizards
  5 kobolds
  7 rats
78 creatures vanquished.

Notes
Turn   | Place    | Note
-------+----------+-------------------------------------------
     0 | D:1      | gaiawithin the Minotaur Berserker began the quest for the
                  | Orb.
     0 | D:1      | Reached XP level 1. HP: 19/19 MP: 0/0
   263 | D:1      | Reached XP level 2. HP: 27/27 MP: 1/1
   402 | D:1      | Reached skill level 4 in Axes
   919 | D:2      | Reached XP level 3. HP: 31/33 MP: 2/2
   925 | D:2      | Identified the ring of Xom's Best Wishes {rPois rF- Will+
                  | Int+3 Stlth+}
  1084 | D:2      | Reached ** piety under Trog
  1170 | D:2      | Found a faded altar of an unknown god.
  1310 | D:2      | Reached skill level 5 in Axes
  1878 | D:2      | Gained mutation: Your flesh is cold resistant. (rC+)
                  | [potion of mutation]
  1878 | D:2      | Gained mutation: You have sharp toenails. [potion of
                  | mutation]
  1982 | D:3      | Found a sacrificial altar of Ru.
  2111 | D:3      | Reached XP level 4. HP: 39/40 MP: 3/3
  2903 | D:4      | Reached XP level 5. HP: 46/47 MP: 4/4
  2914 | D:4      | Reached *** piety under Trog
  2925 | D:4      | Reached skill level 6 in Axes
  3180 | D:4      | Noticed a phantom
  3188 | D:4      | Killed a phantom
  3189 | D:4      | Reached XP level 6. HP: 55/55 MP: 5/5
  3703 | D:5      | Entered Level 5 of the Dungeon
  3703 | D:5      | Noticed Prince Ribbit
  3704 | D:5      | Lost mutation: You have sharp toenails. [potion of
                  | mutation]
  3704 | D:5      | Lost mutation: Your flesh is cold resistant. (rC+) [potion
                  | of mutation]
  3704 | D:5      | Gained mutation: Your muscles are strong. (Str +4, Int/Dex
                  | -1) [potion of mutation]
  3705 | D:5      | Lost mutation: Your muscles are strong. (Str +4, Int/Dex
                  | -1) [potion of mutation]
  3705 | D:5      | Gained mutation: You are strong-willed. (Will+) [potion of
                  | mutation]
  3705 | D:5      | Gained mutation: Your flesh is heat resistant. (rF+)
                  | [potion of mutation]
  3722 | D:5      | Slain by Prince Ribbit

Illustrated notes

Levels and vault maps discovered:
D:1:      grunt_arrival_lava_bath, layout_basic
D:2:      layout_loops_ring, shapermc_ecumenical_altar_mp_ritualfount,
          minmay_misc_feat_columns, chequers_serial_rivers_small_a,
          minmay_liquid_box
D:3:      layout_basic, lemuel_round_altar, minmay_increasing_density
D:4:      nicolae_cairo_tiling_large_dashed, layout_loops_ring
D:5:      layout_loops_cross, mainiacjoe_overflow_alcove_2,
          mainiacjoe_overflow_boulevard, chequers_temple_overflow_minitemple,
          minmay_temple_entry_butterflies, uniq_prince_ribbit1

Skill      XL: |  1  2  3  4  5 |
---------------+----------------+-----
Fighting       | 4 |  4.9
Axes           | 4 5 6 |  6.3
Armour         | 3 4 |  4.5
Dodging        | |  2.8
Stealth        | |  0.3

Action                     |  1- 3 |  4- 6 || total
---------------------------+-------+-------++-------
  Melee: Hand axe          |    75 |    75 ||   150
         Headbutt          |     8 |    11 ||    19
         Kick              |     2 |    18 ||    20
         Dagger            |       |     9 ||     9
  Throw: Stone             |       |     3 ||     3
    Use: Scroll            |     5 |     3 ||     8
         Potion            |     4 |     6 ||    10
 Armour: Animal skin       |    15 |       ||    15
         Chain mail        |    35 |    67 ||   102
  Dodge: Dodged            |    48 |    31 ||    79

Table legend: (Time is in decaauts)
 A = Elapsed time spent in this place.
 B = Non-inter-level travel time spent in this place.
 C = Inter-level travel time spent in this place.
 D = Time resting spent in this place.
 E = Time spent auto-exploring this place.
 F = Levels seen in this place.
 G = Mean time per level.
                   A        B        C        D        E       F      G
               +--------+--------+--------+--------+--------+-----+--------+
         Total |   3728 |   2968 |    760 |      0 |   2459 |   5 |  745.6 |
       Dungeon |   3728 |   2968 |    760 |      0 |   2459 |   5 |  745.6 |
               +--------+--------+--------+--------+--------+-----+--------+

Top non-repeatable levels by time:
     D:2: 1079 daAuts
     D:3: 953 daAuts
     D:1: 868 daAuts
     D:4: 808 daAuts
     D:5: 19 daAuts
